 Dungeon Crawl Stone Soup version 0.30-a0-948-g4fa250aae5 (webtiles) character file.

Game seed: 8951345002919990430

173 voltaire321 the Digger (level 5, -3/48 HPs)
             Began as a Troll Earth Elementalist on Mar 26, 2023.
             Slain by a gnoll
             ... wielding a +0 flail
              (6 damage)
             ... on level 4 of the Dungeon.
             The game lasted 00:05:45 (3079 turns).

voltaire321 the Digger (Troll Earth Elementalist)   Turns: 3079, Time: 00:05:45

Health: -3/48      AC:  4    Str: 16    XL:     5   Next: 28%
Magic:  6/6        EV: 10    Int: 13    God:
Gold:   156        SH:  0    Dex: 10    Spells: 6/7 levels left

rFire   . . .      SeeInvis .      - Unarmed
rCold   . . .      Faith    .    (no shield)
rNeg    . . .      Spirit   .    a - +0 robe
rPois   .          Reflect  .    (helmet restricted)
rElec   .          Rampage  .    q - scarf {repulsion}
rCorr   .                        (gloves unavailable)
Will    .....                    (boots unavailable)
Stlth   +                        (no amulet)
HPRegen 1.08/turn                (no ring)
MPRegen 0.10/turn                (no ring)

@: repel missiles
A: large, unfitting armour, claws 3, regeneration 1, shaggy fur 1, tough skin 1
a: no special abilities


You were on level 4 of the Dungeon.
You visited 1 branch of the dungeon, and saw 4 of its levels.

You collected 156 gold pieces.

Inventory:

Armour
 a - a +0 robe (worn)
 q - a scarf of repulsion (worn)
Wands
 l - a wand of quicksilver (11)
Scrolls
 d - a scroll of magic mapping {unknown}
 e - 2 scrolls of teleportation
 f - 3 scrolls of identify {unknown}
 h - 2 scrolls of enchant armour {unknown}
 j - a scroll of noise {unknown}
 k - a scroll of amnesia {unknown}
 m - a scroll of blinking {unknown}
 n - a scroll of enchant weapon {unknown}
 r - 2 scrolls of butterflies {unknown}
 s - a scroll of poison {unknown}
 w - a scroll of immolation {unknown}
Potions
 b - a potion of magic
 c - a potion of brilliance {unknown}
 g - a potion of flight {unknown}
 i - a potion of resistance {unknown}
 o - 3 potions of cancellation {unknown}
 p - a potion of heal wounds {unknown}
 t - 2 potions of curing {unknown}
 u - 2 potions of ambrosia {unknown}
 v - a potion of degeneration {unknown}


   Skills:
 + Level 1.4 Fighting
 + Level 2.3 Dodging
 - Level 1.0 Stealth
 + Level 1.7 Unarmed Combat
 + Level 1.8 Spellcasting
 + Level 1.5 Transmutations
 + Level 3.3 Earth Magic


You had 6 spell levels left.
You knew the following spells:

 Your Spells              Type           Power      Damage    Failure   Level
a - Sandblast             Erth           18%        2d7       7%          1

Your spell library contained the following spells:

 Spells                   Type           Power      Damage    Failure   Level
 Passwall                 Tmut/Erth      5%         N/A       14%         2
 Freeze                   Ice            4%         1d3       26%         1
 Scorch                   Fire           2%         2d5       36%         2
 Stone Arrow              Conj/Erth      10%        3d7       36%         3
 Frozen Ramparts          Ice            2%         1d1       61%         3
 Hailstorm                Conj/Ice       1%         3d3       61%         3
 Petrify                  Tmut/Erth      7%         N/A       67%         4
 Flame Wave               Conj/Fire      1%         2d4       95%         4
 Summon Cactus Giant      Summ           0%         N/A       100%        6


Dungeon Overview and Level Annotations

Branches:
Dungeon (4/15)
 Temple: D:4-7

Altars:
Gozag
Trog


Innate Abilities, Weirdness & Mutations

You are too large for most types of armour.
You have claws for hands.
Your natural rate of healing is unusually fast.
You are covered in fur. (AC +1)
You have tough skin. (AC +1)


Message History

A gnoll comes into view. It is wielding a +0 spear.
The gnoll shouts!
You claw the gnoll!
The gnoll is severely wounded.
You closely miss the gnoll.
The gnoll is severely wounded.
A gnoll comes into view. It is wielding a +0 flail.
The gnoll hits you with a +0 club!
You scratch the gnoll.
The gnoll is almost dead.
The gnoll hits you from afar with a +0 spear.
The gnoll hits you with a +0 club.
You scratch the gnoll but do no damage.
The gnoll is almost dead.
The gnoll barely misses you. The gnoll hits you with a +0 club.
You closely miss the gnoll.
The gnoll is almost dead.
The gnoll hits you from afar with a +0 spear.
The gnoll hits you with a +0 flail. The gnoll hits you with a +0 club.
The gnoll attacks as you move away! The gnoll hits you with a +0 club.
The gnoll attacks as you move away! The gnoll hits you with a +0 flail.
* * * LOW HITPOINT WARNING * * *
You claw the gnoll!
The gnoll is severely wounded.
The gnoll closely misses you.
You scratch the gnoll.
The gnoll is almost dead.
The gnoll hits you from afar with a +0 spear.
* * * LOW HITPOINT WARNING * * *
The gnoll closely misses you.
You scratch the gnoll but do no damage.
The gnoll is almost dead.
The gnoll hits you but does no damage. The gnoll hits you with a +0 flail!
* * * LOW HITPOINT WARNING * * *
You barely miss the gnoll.
The gnoll is almost dead.
The gnoll hits you from afar with a +0 spear.
* * * LOW HITPOINT WARNING * * *
The gnoll hits you with a +0 flail.
You die...

#.....## #..#
##...### ##.##
##.....####..#
#........##..#
#..###......### .
..## ###......###
... ...#
##.......#####....
...##
##..###...g....#
....#
#..####..@gg..#
....#
##..###....##..#
....###...##...###
.#
##........#...## #
#......#....###
#....####..##
#...## ###.# #..##
### ..##


You could see 3 gnolls.

Vanquished Creatures
  Natasha (D:2)
  2 iguanas (D:4)
  2 adders
  An ufetubus (D:4)
  3 worms (D:2)
  A dart slug (D:1)
  An orc (D:3)
  6 ball pythons
  6 endoplasms
  2 giant cockroaches (D:4)
  4 hobgoblins
  11 jackals
  A quokka (D:2)
  3 bats
  4 frilled lizards
  6 goblins
  6 kobolds
  6 rats
66 creatures vanquished.

Notes
Turn   | Place    | Note
-------+----------+-------------------------------------------
     0 | D:1      | voltaire321 the Troll Earth Elementalist began the quest
                  | for the Orb.
     0 | D:1      | Reached XP level 1. HP: 16/16 MP: 1/1
   268 | D:1      | Reached XP level 2. HP: 24/24 MP: 3/3
   692 | D:1      | Reached skill level 1 in Transmutations
   734 | D:1      | You fall into a shaft and drop 1 floor!
  1198 | D:2      | Found a bloodstained altar of Trog.
  1243 | D:2      | Reached XP level 3. HP: 25/31 MP: 4/4
  1394 | D:2      | Reached skill level 3 in Earth Magic
  1692 | D:2      | Reached skill level 1 in Unarmed Combat
  1736 | D:2      | Reached skill level 1 in Fighting
  1748 | D:2      | Noticed Natasha
  1780 | D:2      | Killed Natasha
  1781 | D:2      | Reached XP level 4. HP: 26/41 MP: 2/5
  2799 | D:4      | Reached XP level 5. HP: 10/48 MP: 6/6
  2980 | D:4      | Found an opulent altar of Gozag.
  3079 | D:4      | Slain by a gnoll

Illustrated notes

Levels and vault maps discovered:
D:1:      minmay_arrival_three_doors, layout_basic
D:2:      layout_loops_ring, basic_altar, minmay_misc_feat_roman, uniq_natasha
D:3:      layout_basic
D:4:      layout_layer_cave, mainiacjoe_overflow_six_doors_small,
          chequers_temple_overflow_minitemple, grunt_decor_junction

Skill      XL: |  1  2  3 |
---------------+----------+-----
Transmutations | 1 |  1.5
Earth Magic    | 3 |  3.3
Dodging        | 2 |  2.3
Unarmed Combat | 1 |  1.7
Fighting       | 1 |  1.4
Stealth        | |  1.0
Spellcasting   | |  1.8

Action                     |  1- 3 |  4- 6 || total
---------------------------+-------+-------++-------
  Melee: Unarmed           |   114 |   103 ||   217
         Punch             |     1 |     1 ||     2
   Cast: Sandblast         |    11 |       ||    11
    Use: Scroll            |       |     1 ||     1
   Stab: Sleeping          |     2 |     1 ||     3
         Distracted        |     1 |       ||     1
 Armour: Robe              |    46 |    23 ||    69
  Dodge: Dodged            |    78 |    50 ||   128

Table legend: (Time is in decaauts)
 A = Elapsed time spent in this place.
 B = Non-inter-level travel time spent in this place.
 C = Inter-level travel time spent in this place.
 D = Time resting spent in this place.
 E = Time spent auto-exploring this place.
 F = Levels seen in this place.
 G = Mean time per level.
                   A        B        C        D        E       F      G
               +--------+--------+--------+--------+--------+-----+--------+
         Total |   3092 |   2871 |    221 |     35 |   2150 |   4 |  773.0 |
       Dungeon |   3092 |   2871 |    221 |     35 |   2150 |   4 |  773.0 |
               +--------+--------+--------+--------+--------+-----+--------+

Top non-repeatable levels by time:
     D:1: 1117 daAuts
     D:2: 772 daAuts
     D:3: 654 daAuts
     D:4: 548 daAuts
